 Dungeon Crawl Stone Soup version 0.29.1-debian-1-gc3f1650bb9 (webtiles) character file.

Game seed: 10410371358437471514

17500 ytrimaz the Fighter (level 12, -1/103 HPs)
             Began as a Demonspawn Gladiator on Sept 12, 2022.
             Slain by a wraith (3 damage)
             ... led by Josephine
             ... on level 11 of the Dungeon.
             The game lasted 00:14:44 (13340 turns).

ytrimaz the Fighter (Demonspawn Gladiator)         Turns: 13340, Time: 00:14:44

Health: -1/103     AC: 19    Str: 25    XL:     12   Next: 19%
Magic:  21/21      EV:  8    Int: 10    God:
Gold:   495        SH:  0    Dex: 15    Spells: 11/11 levels left

rFire   . . .      SeeInvis +   a - +0 war axe (venom)
rCold   . . .      Faith    .   (no shield)
rNeg    . . .      Spirit   .   c - +4 plate armour
rPois   .          Reflect  .   (helmet unavailable)
rElec   .          Harm     .   (no cloak)
rCorr   .          Rampage  .   (no gloves)
Will    .....                   n - +0 pair of boots
Stlth   ..........              (no amulet)
HPRegen 0.27/turn               h - ring of magical power
MPRegen 0.17/turn               j - +6 ring of strength

@: slowed, very slow
A: antennae 3, spiny 2, demonic magic 1, weakness stinger 2, demonic touch 1
a: no special abilities


You were on level 11 of the Dungeon.
You visited 2 branches of the dungeon, and saw 13 of its levels.

You collected 495 gold pieces.


Innate Abilities, Weirdness & Mutations

You have a pair of large antennae on your head. (SInv)
You are mostly covered in sharp spines.
Spells you cast may paralyse adjacent enemies.
You have a tail ending in a sharp stinger.
Your touch may inflict minor irresistible damage on your foes.


   Skills:
 + Level 12.8 Fighting
 + Level 11.1 Axes
 - Level 1.7 Throwing
 + Level 9.7 Armour
 - Level 2.6 Dodging


You had 11 spell levels left.
You didn't know any spells.
Your spell library contained the following spells:

 Spells                   Type           Power      Damage    Failure   Level
 Apportation              Tloc           0%         N/A       98%         1
 Beastly Appendage        Tmut           0%         N/A       98%         1
 Ensorcelled Hibernation  Hex/Ice        0%         N/A       99%         2
 Passwall                 Tmut/Erth      0%         N/A       99%         2
 Sublimation of Blood     Necr           0%         N/A       99%         2
 Wereblood                Tmut           0%         N/A       99%         2
 Portal Projectile        Hex/Tloc       0%         N/A       100%        3
 Spider Form              Tmut/Pois      0%         N/A       100%        3
 Summon Guardian Golem    Hex/Summ       0%         N/A       100%        3
 Tukima's Dance           Hex            0%         N/A       100%        3
 Anguish                  Hex/Necr       0%         N/A       100%        4
 Hailstorm                Conj/Ice       0%         3d3       100%        4
 Leda's Liquefaction      Hex/Erth       0%         N/A       100%        4
 Alistair's Intoxication  Tmut/Pois      0%         N/A       100%        5
 Blade Hands              Tmut           0%         N/A       100%        5
 Orb of Destruction       Conj           0%         9d5       100%        7
 Spellforged Servitor     Conj/Summ      0%         N/A       100%        7
 Summon Hydra             Summ           0%         N/A       100%        7
 Lehudib's Crystal Spear  Conj/Erth      0%         10d2      100%        8

Inventory:

Hand Weapons
 a - a +0 war axe of venom (weapon)
 g - a +0 battleaxe
   (You took it off an orc warrior on level 9 of the Dungeon)
 A - a +3 war axe
   (You took it off a wight on level 7 of the Dungeon)
Missiles
 d - 3 throwing nets
 e - a javelin
Armour
 c - a +4 plate armour (worn)
   (You found it on level 5 of the Dungeon)
 n - a +0 pair of boots (worn)
   (You found it on level 2 of the Dungeon)
Jewellery
 h - a ring of magical power (left hand)
   (You found it on level 1 of the Dungeon)
 j - a +6 ring of strength (right hand)
   (You found it on level 1 of the Dungeon)
 v - a ring of protection from fire
   (You found it on level 6 of the Dungeon)
 I - a ring of willpower
   (You found it on level 10 of the Dungeon)
Wands
 b - a wand of mindburst (5)
   (You took it off an orc warrior on level 9 of the Dungeon)
 f - a wand of paralysis (8)
   (You found it on level 6 of the Dungeon)
 p - a wand of flame (7)
   (You found it on level 1 of the Lair of Beasts)
 r - a wand of polymorph (23) (quivered)
   (You found it on level 3 of the Dungeon)
 D - a wand of digging (6)
   (You found it on level 7 of the Dungeon)
 G - a wand of iceblast (4)
   (You took it off Joseph on level 8 of the Dungeon)
Scrolls
 i - 3 scrolls of teleportation
 l - a scroll of fog
 s - 6 scrolls of amnesia
 w - 2 scrolls of magic mapping
 x - 2 scrolls of enchant armour
 y - 3 scrolls of enchant weapon
 z - a scroll of brand weapon
 E - 2 scrolls of vulnerability
 J - a scroll of immolation
 K - a scroll of identify
Potions
 k - 2 potions of mutation
 m - 2 potions of ambrosia
 o - 7 potions of lignification
 q - 3 potions of cancellation
 t - 6 potions of flight
 u - a potion of attraction
 B - 3 potions of curing
 C - a potion of magic
 F - 2 potions of haste

Dungeon Overview and Level Annotations

Branches:
Dungeon (11/15) Zot: 26986  Temple (0/1) D:6            Lair (2/5) D:9 Zot: 9167
  Swamp: Lair:2-3    Shoals: Lair:2-3     Snake: Lair:2-3    Spider: Lair:2-3
    Orc: D:9-12

Altars:
Ashenzari
Fedhas
Makhleb
Nemelex Xobeh
Okawaru
Ru
Sif Muna
Wu Jian
Xom

Shops:
D:2 !

Annotations:
Lair:1 2 runed translucent doors, sirJeffrey23's ghost, journeyman MiFi

{ ############
#.......<..#####
........W.......
#.......@..####.
#......).W.#
#..........#
#..........#
#..........#
###.######## #.
#


You could see 2 wraiths.


Message History

Josephine is struck by your spines. Josephine closely misses you.
The wraith hits you! 😮 HP[-16]
You take 16 damage, and now have 63/100 hp.
Unknown command.
You hit Josephine. You barely miss the wraith. You hit the wraith.
The wraith barely misses you. Josephine is struck by your spines.
Josephine hits you with a +0 dagger! The wraith barely misses you. 😮 HP[-9]
You take 9 damage, and now have 54/100 hp.
Unknown command.
You slash Josephine!
Josephine is poisoned.
You tail-slap Josephine! You slash the wraith!
You hit the wraith but do no damage. You closely miss the wraith.
The wraith hits you.
* * * LOW HITPOINT WARNING * * *
The wraith drains your vigour!
You feel as though you will be slow longer.
The wraith barely misses you.
Josephine points at you and mumbles some strange words.
The ghostly flame explodes!
The ghostly fireball engulfs you!!
You feel drained.
* * * LOW HITPOINT WARNING * * *
The ghostly fireball engulfs Josephine.
Josephine completely resists.
The ghostly fireball engulfs the wraith.
The wraith completely resists.
The ghostly fireball engulfs the wraith.
The wraith completely resists.
The ghostly fireball engulfs the wraith.
The wraith completely resists.
The wraith hits you but does no damage. x3
Josephine points at you and mumbles some strange words.
The ghostly flame explodes!
The ghostly fireball engulfs you but does no damage.
The ghostly fireball engulfs the wraith.
The wraith completely resists.
The ghostly fireball engulfs Josephine.
Josephine completely resists.
The ghostly fireball engulfs the wraith.
The wraith completely resists.
The ghostly fireball engulfs the wraith.
The wraith completely resists.
The ghostly fireball engulfs the wraith.
The wraith completely resists.
The ghostly fireball engulfs the wraith.
The wraith completely resists.
You slash Josephine!
Josephine looks as sick as possible!
Your touch misses Josephine. You closely miss the wraith.
You slash the wraith! x2
You closely miss the wraith. You completely miss the wraith.
The wraith is struck by your spines. The wraith hits you but does no damage.
Josephine is struck by your spines.
You kill Josephine!
The wraith hits you.
* * * LOW HITPOINT WARNING * * *
The wraith drains your vigour!
You feel as though you will be slow longer.
The wraith hits you but does no damage. x2; The wraith hits you.
* * * LOW HITPOINT WARNING * * *
😱 HP[-31]
You now have 102 max hp (+2).
You take 31 damage, and now have 23/102 hp.
MASSIVE DAMAGE!! (PAUSE) Unknown command.
You closely miss the wraith. x2; You hit the wraith but do no damage. x3
The wraith completely misses you. The wraith barely misses you. x2
The wraith is struck by your spines.
The wraith hits you but does no damage. x2
The wraith hits you.
* * * LOW HITPOINT WARNING * * *
The wraith is struck by your spines. The wraith hits you but does no damage.
The wraith is struck by your spines. The wraith hits you.
* * * LOW HITPOINT WARNING * * *
The wraith hits you but does no damage. The wraith is struck by your spines.
The wraith hits you but does no damage. 😱 HP[-2]
You take 2 damage, and now have 21/102 hp.
Unknown command.
You hit the wraith.
You touch the wraith.
You destroy the wraith!
You barely miss the wraith. You slash the wraith!
You hit the wraith but do no damage. You slash the wraith!
The wraith is struck by your spines. The wraith closely misses you.
The wraith hits you but does no damage. The wraith hits you!
* * * LOW HITPOINT WARNING * * *
The wraith drains your vigour!
You feel as though you will be slow longer.
The wraith is struck by your spines. The wraith hits you but does no damage.
Your life force feels restored. 😱 HP[-11]
You now have 103 max hp (+1).
You take 11 damage, and now have 10/103 hp.
Unknown command.
You slash the wraith! You hit the wraith.
You destroy the wraith!
You hit the wraith. You closely miss the wraith. The wraith misses you.
The wraith hits you!
* * * LOW HITPOINT WARNING * * *
The wraith drains your vigour!
You feel as though you will be slow longer.
The wraith is struck by your spines.
You destroy the wraith!
The wraith is struck by your spines. The wraith hits you but does no damage.
The wraith hits you.
You die...

Skill      XL: |  1  2  3  4  5  6  7  8  9 10 11 12 |
---------------+-------------------------------------+-----
Axes           | 3 4 5 6 8 9 10 11 | 11.1
Fighting       | 3 5 6 7 8 10 11 12 | 12.8
Armour         | 1 4 5 7 9 |  9.7
Throwing       | |  1.7
Dodging        | |  2.6

Action                   |  1- 3 |  4- 6 |  7- 9 | 10-12 || total
-------------------------+-------+-------+-------+-------++-------
Melee: War axe           |    66 |    34 |   157 |   251 ||   508
       Touch             |       |    11 |    31 |    58 ||   100
       Tailslap          |       |     5 |    29 |    40 ||    74
       Punch             |       |       |     5 |    10 ||    15
Evoke: Wand              |       |       |       |     3 ||     3
  Use: Scroll            |     4 |     7 |    11 |     7 ||    29
       Potion            |       |       |     5 |     3 ||     8
 Stab: Sleeping          |     1 |       |       |       ||     1
       Invisible         |       |       |     2 |       ||     2
Armor: Leather armour    |    14 |     1 |       |       ||    15
       Ring mail         |       |    19 |     5 |       ||    24
       Plate armour      |       |       |    83 |   201 ||   284
Dodge: Dodged            |    54 |    38 |    55 |   109 ||   256

Levels and vault maps discovered:
D:1:      minmay_arrival_split_and_join, layout_loops_ring,
          minmay_misc_feat_tiny, minmay_tiny_reverse_x
D:2:      layout_loops_ring, ebering_ecumenical_altar_ruins, serial_shops,
          nicolae_shop_waterfront, kennysheep_pointless_box, hex_tiny,
          uniq_terence, uniq_sigmund
D:3:      layout_loops_corners, mainiacjoe_overflow_small_starburst,
          minmay_tree_intersection, grunt_ministairs_9
D:4:      layout_rooms, nicolae_ashenzari_panopticon
D:5:      layout_loops_cross, bloody_makhleb, serial_undead, serial_undead_f,
          serial_undead_f, serial_undead_f, serial_undead_e,
          kennysheep_generic_room_12
D:6:      layout_rooms, nicolae_wu_jian_immortal_techniques,
          minmay_temple_entry_grid, minmay_fractal_squares_diagonal_5,
          uniq_crazy_yiuf_cottage, uniq_duvessa
D:7:      layout_loops_ring, mainiacjoe_overflow_alcove_4,
          mainiacjoe_overflow_brackets, marbit_many_paths, lemuel_doored_altar
D:8:      layout_basic, mainiacjoe_overflow_concentric_impassable,
          corexii_corridor_pit, uniq_joseph, uniq_prince_ribbit1, uniq_gastronok
D:9:      layout_big_octagon, minmay_lair_entry_grove, kennysheep_generic_room_6
D:10:     layout_stronghold, xom_redecorated, kennysheep_little_box,
          uniq_erolcha
D:11:     layout_roguey, erik_orc_1, item_on_display_a, uniq_josephine
Lair:1:   layout_gridlike, ebering_ghost_disaster_area, serial_bayou_shore_a,
          infiniplex_staircase_pool_2, grunt_megastairs_2
Lair:2:   nzn_winding_woodlands_cross [nzn_winding_woodlands_5x15_cabin,
          nzn_winding_woodlands_5x15_zeroes, nzn_winding_woodlands_5x15_garden,
          nzn_winding_woodlands_5x15_split_checker,
          nzn_winding_woodlands_15x15_boxy_spiral], layout_gridlike,
          elwin_shoals_entry_rooms, lemuel_fruit_tree

Notes
Turn   | Place    | Note
-------+----------+-------------------------------------------
     0 | D:1      | ytrimaz the Demonspawn Gladiator began the quest for the
                  | Orb.
     0 | D:1      | Reached XP level 1. HP: 16/16 MP: 1/1
     0 | D:1      | magus.rc [v1.9.6]
   380 | D:1      | Gained mutation: You are partially covered in sharp spines.
                  | [demonic ancestry]
   380 | D:1      | Reached XP level 2. HP: 9/23 MP: 2/2
   614 | D:1      | Reached skill level 3 in Axes
   916 | D:1      | Reached skill level 3 in Fighting
  1007 | D:1      | Gained mutation: You are mostly covered in sharp spines.
                  | [demonic ancestry]
  1007 | D:1      | Reached XP level 3. HP: 28/29 MP: 3/3
  1585 | D:2      | Found Viufiodo's Distillery.
  1715 | D:2      | You feel monstrous as your demonic heritage exerts itself.
  1715 | D:2      | Discovered your monstrous ancestry.
  1715 | D:2      | Gained mutation: Your touch may inflict minor irresistible
                  | damage on your foes. [demonic ancestry]
  1715 | D:2      | Reached XP level 4. HP: 37/37 MP: 4/4
  1736 | D:2      | Noticed Terence
  1740 | D:2      | Killed Terence
  1741 | D:2      | Reached skill level 4 in Fighting
  1896 | D:2      | Found a faded altar of an unknown god.
  2040 | D:2      | Noticed Sigmund
  2047 | D:2      | Killed Sigmund
  2048 | D:2      | Reached skill level 5 in Fighting
  2048 | D:2      | Reached skill level 4 in Axes
  2048 | D:2      | Gained mutation: You have a small tail. [demonic ancestry]
  2048 | D:2      | Reached XP level 5. HP: 43/44 MP: 5/5
  2583 | D:3      | You pick up a book of Weapons and begin reading...
  2583 | D:3      | You add the spells Tukima's Dance, Portal Projectile and
                  | Blade Hands to your library.
  2604 | D:3      | Reached XP level 6. HP: 46/51 MP: 6/6
  2604 | D:3      | Found a blossoming altar of Fedhas.
  3017 | D:4      | Reached skill level 6 in Fighting
  3060 | D:4      | Gained mutation: You have a pair of small antennae on your
                  | head. [demonic ancestry]
  3060 | D:4      | Reached XP level 7. HP: 42/59 MP: 7/7
  3210 | D:4      | You pick up a book of Dreams and begin reading...
  3210 | D:4      | You add the spells Ensorcelled Hibernation, Spider Form and
                  | Anguish to your library.
  3224 | D:4      | Reached skill level 5 in Axes
  3233 | D:4      | Found a broken altar of Ashenzari.
  3452 | D:4      | Reached skill level 7 in Fighting
  3502 | D:4      | You pick up a book of Party Tricks and begin reading...
  3502 | D:4      | You add the spells Apportation and Alistair's Intoxication
                  | to your library.
  3594 | D:5      | Entered Level 5 of the Dungeon
  3814 | D:5      | Reached skill level 1 in Armour
  3926 | D:5      | Gained mutation: You have a pair of antennae on your head.
                  | [demonic ancestry]
  3926 | D:5      | Reached XP level 8. HP: 64/67 MP: 8/8
  3965 | D:5      | You pick up a book of Changes and begin reading...
  3965 | D:5      | You add the spells Beastly Appendage and Wereblood to your
                  | library.
  4098 | D:5      | Reached skill level 2 in Armour
  4137 | D:5      | Found a burning altar of Makhleb.
  4190 | D:5      | Reached skill level 8 in Fighting
  4190 | D:5      | Reached skill level 6 in Axes
  4260 | D:6      | Noticed Duvessa
  4260 | D:6      | Identified a +1 robe of the Archmagi
  4260 | D:6      | Noticed Dowan
  4270 | D:6      | Killed Dowan
  4270 | D:6      | HP: 13/68 [Duvessa/+3 rapier of holy wrath (8)]
  4271 | D:6      | Killed Duvessa
  4300 | D:6      | Reached skill level 3 in Armour
  4556 | D:6      | Found a runed translucent door.
  4557 | D:6      | Noticed Crazy Yiuf
  4717 | D:6      | You fall into a shaft and drop 3 floors!
  4766 | D:9      | Reached skill level 4 in Armour
  4766 | D:9      | Gained mutation: You have a pair of large antennae on your
                  | head. (SInv) [demonic ancestry]
  4766 | D:9      | Reached XP level 9. HP: 22/75 MP: 9/9
  4798 | D:9      | Reached skill level 7 in Axes
  4835 | D:9      | Reached skill level 9 in Fighting
  4852 | D:9      | HP: 16/76 [orc warrior/+0 battleaxe (11)]
  4853 | D:9      | HP: 1/76 [disintegration (15)]
  5167 | D:6      | Reached skill level 5 in Armour
  5306 | D:6      | Found a staircase to the Ecumenical Temple.
  5445 | D:6      | Found an ornate altar of the Wu Jian Council.
  5528 | D:6      | Reached skill level 8 in Axes
  5600 | D:6      | Killed Crazy Yiuf
  5605 | D:6      | Identified the +3 hammer "Wakorch" {vorpal, rN+}
  5824 | D:7      | You pick up a book of Blood and begin reading...
  5824 | D:7      | You add the spells Sublimation of Blood and Summon Hydra to
                  | your library.
  5903 | D:7      | Reached skill level 10 in Fighting
  5904 | D:7      | Gained mutation: You have a tail ending in a sharp stinger.
                  | [demonic ancestry]
  5904 | D:7      | Reached XP level 10. HP: 79/85 MP: 10/10
  5910 | D:7      | Reached skill level 6 in Armour
  6007 | D:7      | Found a sacrificial altar of Ru.
  6238 | D:7      | Found an iron altar of Okawaru.
  6425 | D:7      | Found a sparkling altar of Nemelex Xobeh.
  6954 | D:8      | Noticed Gastronok
  6972 | D:8      | HP: 11/86 [Gastronok/the air (28)]
  6978 | D:8      | Killed Gastronok
  7007 | D:8      | Reached skill level 7 in Armour
  7279 | D:8      | magus.rc [v1.9.6]
  7289 | D:8      | Reached skill level 9 in Axes
  7297 | D:8      | Found a shimmering blue altar of Sif Muna.
  7520 | D:8      | You add the spells Passwall, Hailstorm, Leda's Liquefaction
                  | and Lehudib's Crystal Spear to your library.
  7520 | D:8      | Got the Tome of the Hiemal Geologist
  7706 | D:8      | Noticed Prince Ribbit
  7713 | D:8      | Killed Prince Ribbit
  7854 | D:8      | Noticed Joseph
  8088 | D:8      | Killed Joseph
  8089 | D:8      | Reached skill level 11 in Fighting
  8496 | D:9      | Gained mutation: Spells you cast may paralyse adjacent
                  | enemies. [demonic ancestry]
  8496 | D:9      | Reached XP level 11. HP: 64/93 MP: 11/11
  8557 | D:9      | HP: 21/93 [yak (12)]
  8558 | D:9      | HP: 6/93 [yak (10)]
  9012 | D:9      | Reached skill level 8 in Armour
  9110 | D:9      | Found a staircase to the Lair.
  9422 | Lair:1   | Entered Level 1 of the Lair of Beasts
  9434 | D:10     | Entered Level 10 of the Dungeon
  9605 | D:10     | Noticed Erolcha
  9622 | D:10     | Killed Erolcha
  9697 | D:10     | Found a shimmering altar of Xom.
  9698 | D:10     | Found a shimmering altar of Xom.
  9699 | D:10     | Found a shimmering altar of Xom.
  9795 | D:10     | Reached skill level 10 in Axes
 10687 | Lair:1   | You pick up a book of Dangerous Friends and begin
                  | reading...
 10687 | Lair:1   | You add the spells Summon Guardian Golem, Orb of
                  | Destruction and Spellforged Servitor to your library.
 10710 | Lair:1   | Reached skill level 12 in Fighting
 11186 | Lair:1   | Reached skill level 9 in Armour
 11800 | Lair:1   | Found a large runed translucent door.
 11801 | Lair:1   | Found a large runed translucent door.
 11803 | Lair:1   | Noticed sirJeffrey23's ghost (journeyman MiFi)
 12223 | Lair:2   | Reached XP level 12. HP: 31/103 MP: 12/12
 12508 | Lair:1   | Reached skill level 11 in Axes
 12905 | Lair:2   | Noticed an eight-headed hydra
 12914 | Lair:2   | HP: 18/103 [nine-headed hydra (10)]
 13330 | D:11     | Noticed Josephine
 13337 | D:11     | Killed Josephine
 13337 | D:11     | HP: 23/96 [wraith[Josephine] (5)]
 13339 | D:11     | HP: 10/102 [wraith[Josephine] (11)]
 13340 | D:11     | HP: 2/103 [wraith[Josephine] (8)]
 13340 | D:11     | Slain by a wraith

Vanquished Creatures
  Gastronok (D:8)
  Josephine (D:11)
  Erolcha (D:10)
  Joseph (D:8)
  A black mamba (Lair:2)
  4 elephants (Lair:2)
  2 cane toads (Lair:1)
  A rime drake (Lair:1)
  2 komodo dragons (Lair:2)
  A troll (D:10)
  Prince Ribbit (D:8)
  4 blink frogs (Lair:1)
  Sigmund (D:2)
  4 wraiths
  3 wyverns
  23 yaks
  2 basilisks
  4 steam dragons
  An acid dragon (D:8)
  8 water moccasins
  Duvessa (D:6)
  A black bear (D:4)
  3 orc warriors
  A sky beast (D:7)
  2 ice beasts
  3 centaurs
  An ogre (D:4)
  6 phantoms
  3 necrophages
  2 gnoll sergeants (D:9)
  16 bullfrogs
  5 scorpions
  9 wights (D:7)
  A water moccasin skeleton (D:5)
  Dowan (D:6)
  5 killer bees (D:8)
  An electric eel (Lair:1)
  3 howler monkeys
  2 jellies
  An orc priest (D:8)
  Crazy Yiuf (D:6)
  2 gnoll boudas
  3 hounds
  A bullfrog skeleton (D:5)
  3 bullfrog zombies (D:5)
  Terence (D:2)
  5 iguanas
  5 orc wizards
  13 gnolls
  7 adders
  A shadow imp (D:7)
  3 white imps
  3 worms
  2 dart slugs
  32 orcs
  7 ball pythons
  7 endoplasms
  A giant cockroach (D:4)
  8 goblins
  4 hobgoblins
  2 quokkas (D:1)
  9 bats
  5 frilled lizards
  5 kobolds
  4 rats
267 creatures vanquished.

Vanquished Creatures (others)
  A wyvern (D:9)
  A gnoll (D:9)
  11 fungi
  41 plants
  3 withered plants (D:5)
57 creatures vanquished.

Grand Total: 324 creatures vanquished

Table legend:
 A = Non-vault XP
 B = Vault XP
 C = Vault XP percentage of total XP
 D = Non-vault monster count
 E = Vault monster count
 F = Vault count percentage of total count
                 A         B        C        D         E       F
            +---------+---------+-------+---------+---------+-------
      Total |   15747 |    9695 |  38.1 |     218 |      51 |  19.0
            +---------+---------+-------+---------+---------+-------
        D:1 |      42 |       4 |   8.7 |      25 |       2 |   7.4
        D:2 |      68 |     250 |  78.6 |      18 |       2 |  10.0
        D:3 |      64 |       2 |   3.0 |       7 |       2 |  22.2
        D:4 |     716 |       0 |   0.0 |      19 |       0 |   0.0
        D:5 |     353 |     377 |  51.6 |       9 |       7 |  43.8
        D:6 |    1092 |     704 |  39.2 |      38 |       9 |  19.1
        D:7 |    1559 |      72 |   4.4 |      22 |       1 |   4.3
        D:8 |     891 |    2152 |  70.7 |      15 |       3 |  16.7
        D:9 |    2666 |    2433 |  47.7 |      27 |      15 |  35.7
       D:10 |    1256 |     861 |  40.7 |       7 |       1 |  12.5
       D:11 |       0 |    1569 | 100.0 |       0 |       4 | 100.0
     Lair:1 |    4644 |     232 |   4.8 |      24 |       2 |   7.7
     Lair:2 |    2396 |    1039 |  30.2 |       7 |       3 |  30.0
            +---------+---------+-------+---------+---------+-------

Illustrated notes

Table legend:
 A = Kills in this place as a percentage of kills in entire the game.
 B = Kills by you in this place as a percentage of kills by you in the entire game.
 C = Kills by friends in this place as a percentage of kills by friends in the entire game.
 D = Other kills in this place as a percentage of other kills in the entire game.
 E = Experience gained in this place as a percentage of experience gained in the entire game.
 F = Experience gained in this place divided by the number of levels of this place that you have seen.
                   A       B       C       D       E      F
               +-------+-------+-------+-------+-------+----------------------
         Total | 100.0 | 100.0 |   N/A | 100.0 | 100.0 | 1957.1
       Dungeon |  86.6 |  86.5 |   N/A | 100.0 |  67.3 | 1557.4
          Lair |  13.4 |  13.5 |   N/A |   0.0 |  32.7 | 4155.5
               +-------+-------+-------+-------+-------+----------------------

Table legend: (Time is in decaauts)
 A = Elapsed time spent in this place.
 B = Non-inter-level travel time spent in this place.
 C = Inter-level travel time spent in this place.
 D = Time resting spent in this place.
 E = Time spent auto-exploring this place.
 F = Levels seen in this place.
 G = Mean time per level.
                   A        B        C        D        E       F      G
               +--------+--------+--------+--------+--------+-----+--------+
         Total |  13432 |  13071 |    361 |   1400 |   9896 |  13 | 1033.2 |
       Dungeon |  10599 |  10291 |    308 |    810 |   7954 |  11 |  963.5 |
          Lair |   2832 |   2780 |     52 |    590 |   1941 |   2 | 1416.0 |
               +--------+--------+--------+--------+--------+-----+--------+

Top non-repeatable levels by time:
  Lair:1: 2146 daAuts
     D:8: 2023 daAuts
     D:1: 1401 daAuts
     D:9: 1215 daAuts
    D:10: 1066 daAuts
     D:7: 1014 daAuts
     D:6: 963 daAuts
     D:3: 810 daAuts
     D:2: 749 daAuts
  Lair:2: 686 daAuts
     D:5: 672 daAuts
     D:4: 669 daAuts
    D:11: 12 daAuts
